 Dungeon Crawl Stone Soup version 0.24-a0-189-g5d897e9 (webtiles) character file.

Game seed: 13266134332107336345

4127 Kuinu the Protected (level 10, -3/93 HPs)
             Began as a Minotaur Fighter on Mar 16, 2019.
             Was a Follower of Trog.
             Slain by a sun demon (9 damage)
             ... summoned by a kobold demonologist
             ... in a bailey.
             The game lasted 00:21:35 (5407 turns).

Kuinu the Protected (Minotaur Fighter)              Turns: 5407, Time: 00:21:38

Health: -3/93      AC: 20    Str: 35      XL:     10   Next: 6%
Magic:  8/8        EV:  5    Int:  7      God:    Trog [*.....]
Gold:   313        SH: 19    Dex: 13 (14) Spells: 9/9 levels left

rFire    . . .     SeeInvis .   B - +9 dagger "Otzoo" {pierce, +Blink Str+6}
rCold    + . .     Gourm    +   s - +0 large shield
rNeg     . . .     Faith    .   H - +0 plate armour
rPois    +         Spirit   .   C - +2 hat
rElec    .         Reflect  .   I - +0 cloak
rCorr    .         Harm     .   D - +1 pair of gloves "Nabar" {-Tele +Fly rC+ Dex+4}
MR       ++...     NoTele   +   (no boots)
Stlth    ..........             w - amulet of the gourmand
HPRegen  1.25/turn              O - ring of poison resistance
MPRegen  0.11/turn              g - +2 ring of intelligence

@: mighty, regenerating
A: retaliatory headbutt, horns 2, low mp 1
a: Berserk, Renounce Religion, Evoke Blink, Evoke Flight


You were in a bailey.
You worshipped Trog.
Trog was aware of your devotion.
You were very full.

You visited 1 branch of the dungeon, and saw 8 of its levels.
You also visited: Bailey.

You collected 313 gold pieces.

Inventory:

Hand Weapons
 a - a +0 war axe
 e - a +0 short sword
 h - a +0 whip
 B - the +9 dagger "Otzoo" (weapon) {pierce, +Blink Str+6}
   (You found it on level 4 of the Dungeon)

   It inflicts extra damage upon your enemies.
   It affects your strength (+6).
   It lets you blink.
Armour
 b - a +0 scale mail
 c - a +0 shield
 j - a +0 cloak
 n - a +0 chain mail
 r - a scarf of spirit shield
 s - a +0 large shield (worn)
 C - a +2 hat (worn)
 D - the +1 pair of gloves "Nabar" (worn) {-Tele +Fly rC+ Dex+4}
   (You found it on level 4 of the Dungeon)

   It affects your dexterity (+4).
   It protects you from cold.
   It lets you fly.
   It prevents most forms of teleportation.
 F - a +0 pair of gloves
 H - a +0 plate armour (worn)
 I - a +0 cloak (worn)
Jewellery
 g - a +2 ring of intelligence (right hand)
 l - an uncursed amulet of rage {unknown}
 t - an uncursed ring of wizardry
 w - an amulet of the gourmand (around neck)
 O - a ring of poison resistance (left hand)
Wands
 E - a wand of disintegration (19)
Scrolls
 i - 4 scrolls of remove curse
 k - a scroll of fear
 p - a scroll of noise
 q - 4 scrolls of teleportation
 u - a scroll of blinking
 y - a scroll of enchant weapon
 A - a scroll of immolation {unknown}
 G - 2 scrolls of enchant armour {unknown}
 M - a scroll of vulnerability {unknown}
 N - a scroll of amnesia {unknown}
Potions
 m - a potion of lignification
 v - 2 potions of mutation
 x - 2 potions of haste
 z - 5 potions of curing
 J - 2 potions of ambrosia
 K - 2 potions of cancellation
Comestibles
 f - 15 rations
 L - 12 chunks of flesh


   Skills:
 * Level 10.0 Fighting
 * Level 9.6 Axes
 * Level 10.0 Armour
 + Level 7.5 Shields


You had 9 spell levels left.
You didn't know any spells.
Your spell library was empty.

Dungeon Overview and Level Annotations

Branches:
Dungeon (8/15)             Temple (0/1) D:7
   Lair: D:8-11

Altars:
Ashenzari
Elyvilon
Fedhas
Gozag
Makhleb
Qazlal
Ru
Trog
Vehumet
Yredelemnul
The Shining One

Shops:
D:5 [%([

Annotations:
D:4 2 transporters, galech's ghost, amateur DsFi


Innate Abilities, Weirdness & Mutations

You reflexively headbutt those who attack you in melee.
You have a pair of horns on your head.
Your magical capacity is low. (-10% MP)


Message History

The quasit claws you but does no damage.
The kobold demonologist gestures wildly while chanting.
You block the sun demon's attack.
You feel much better. You block the quasit's attack. The quasit claws you.
The quasit claws you but does no damage.
The sun demon hits you!!
* * * LOW HITPOINT WARNING * * *
You are engulfed in flames!
* * * LOW HITPOINT WARNING * * *
You block the quasit's attack.
The quasit claws you but does no damage.
You block the quasit's attack.
You feel very mighty all of a sudden.
The shadow imp disappears in a puff of smoke!
You block the quasit's attack. x2; The quasit claws you.
* * * LOW HITPOINT WARNING * * *
You feel clumsy.
The kobold demonologist looks braver for a moment.
The sun demon hits you!
You die...

%.. #########
##+#........
+.....3.._..
#.8..o5.....
#...).55....
#.8.########
#.....#######
#.8.4.#..g3@#
#...55#.o455#
####.§#.3K54#
#..'...5K+ #..'.))).+
#####)')#####
#...........#
#####≈≈≈≈...≈≈≈≈######
≈≈≈≈≈≈≈≈≈...≈≈≈≈≈≈≈≈≈≈


You could see a sun demon, an orange demon, 2 kobold demonologists, a ynoxinul,
a red devil, an orc warrior, 2 quasits, a white imp, a shadow imp and a
hobgoblin.

Vanquished Creatures
  Harold (D:7)
  A human (D:7)
  A yak (D:7)
  3 hogs (D:7)
  3 water moccasins
  2 sky beasts (D:6)
  2 necrophages
  2 orc warriors
  4 centaurs
  A crocodile (D:7)
  A bullfrog (D:7)
  A wyvern skeleton (D:6)
  3 scorpions
  An electric eel (Bailey)
  6 crimson imps
  2 hounds
  A bullfrog zombie (D:6)
  A jelly (D:7)
  An orc priest (D:4)
  5 orc wizards
  Crazy Yiuf (D:7)
  A bullfrog skeleton (D:6)
  2 centaur skeletons
  3 iguanas
  4 worker ants
  A killer bee zombie (D:6)
  A hound zombie (D:5)
  2 hound skeletons
  2 worker ant zombies (D:6)
  5 gnolls
  A howler monkey skeleton (D:7)
  9 adders
  A shadow imp (D:5)
  A white imp (D:6)
  An adder skeleton (D:5)
  6 worms
  3 dart slugs
  6 leopard geckos
  21 orcs
  4 ball pythons
  6 bats
  12 giant cockroaches
  6 hobgoblins
  12 jackals
  4 kobolds
  4 quokkas
  3 frilled lizards
  9 goblins
  A leopard gecko skeleton (D:4)
  A leopard gecko zombie (D:7)
  A quokka zombie (D:7)
  6 rats
182 creatures vanquished.

Vanquished Creatures (others)
  A fungus (D:1)
1 creature vanquished.

Grand Total: 183 creatures vanquished

Notes
Turn   | Place    | Note
-------+----------+-------------------------------------------
     0 | D:1      | Kuinu the Minotaur Fighter began the quest for the Orb.
     0 | D:1      | Reached XP level 1. HP: 19/19 MP: 0/0
   141 | D:1      | Reached XP level 2. HP: 27/27 MP: 1/1
   630 | D:1      | Reached XP level 3. HP: 33/33 MP: 2/2
  1089 | D:2      | Found a stormy altar of Qazlal.
  1298 | D:2      | Found a sacrificial altar of Ru.
  1422 | D:2      | Reached XP level 4. HP: 41/41 MP: 3/3
  1909 | D:3      | Found a radiant altar of Vehumet.
  1910 | D:3      | Found a burning altar of Makhleb.
  2312 | D:3      | Found a glowing golden altar of the Shining One.
  2390 | D:4      | Found a transporter.
  2396 | D:4      | Reached skill level 5 in Fighting
  2396 | D:4      | Reached skill level 5 in Armour
  2396 | D:4      | Reached XP level 5. HP: 20/48 MP: 4/4
  2403 | D:4      | Got a bloodstained dagger
  2437 | D:4      | Noticed galech's ghost (amateur DsFi)
  2458 | D:4      | Got a pair of spiked gloves
  2464 | D:4      | Identified the +1 pair of gloves "Nabar" {-Tele +Fly rC+
                  | Dex+4} (You found it on level 4 of the Dungeon)
  2464 | D:4      | Identified the +9 dagger "Otzoo" {pierce, +Blink Str+6}
                  | (You found it on level 4 of the Dungeon)
  2477 | D:4      | Found a transporter.
  2714 | D:4      | Found a blossoming altar of Fedhas.
  2756 | D:4      | Noticed a water moccasin
  2763 | D:4      | Killed a water moccasin
  2763 | D:4      | Reached XP level 6. HP: 55/56 MP: 5/5
  3171 | D:5      | Entered Level 5 of the Dungeon
  3177 | D:5      | Found Rirhih's Antique Armour Shop.
  3208 | D:5      | Found Esausuff's Armour Shoppe.
  3466 | D:5      | Found Fiydaddy's Weapon Shop.
  3470 | D:5      | Reached skill level 5 in Axes
  3503 | D:5      | Found Cadghixia's Food Boutique.
  3563 | D:5      | Reached XP level 7. HP: 63/63 MP: 6/6
  3591 | D:5      | Found an opulent altar of Gozag.
  3659 | D:5      | Reached skill level 5 in Shields
  3968 | D:6      | Reached XP level 8. HP: 73/73 MP: 7/7
  4475 | D:6      | Found a shattered altar of Ashenzari.
  4475 | D:6      | Found a bloodstained altar of Trog.
  4480 | D:6      | Became a worshipper of Trog the Wrathful
  4579 | D:7      | Found a staircase to the Ecumenical Temple.
  4739 | D:7      | Noticed Harold
  4754 | D:7      | Killed Harold
  4754 | D:7      | Reached XP level 9. HP: 60/82 MP: 8/8
  4894 | D:7      | Found a white marble altar of Elyvilon.
  5008 | D:7      | Reached * piety under Trog
  5086 | D:7      | Found a basalt altar of Yredelemnul.
  5118 | D:7      | Found a runed translucent door.
  5119 | D:7      | Noticed Crazy Yiuf
  5124 | D:7      | Killed Crazy Yiuf
  5184 | D:8      | Reached XP level 10. HP: 93/93 MP: 9/9
  5206 | D:8      | Reached skill level 10 in Armour
  5247 | D:8      | Found a flagged portal.
  5250 | D:8      | Reached skill level 10 in Fighting
  5285 | Bailey   | Entered a bailey
  5322 | Bailey   | Reached ** piety under Trog
  5342 | Bailey   | Found an iron altar of Okawaru.
  5344 | Bailey   | Noticed an orange demon
  5361 | Bailey   | Noticed a rust devil
  5384 | Bailey   | Gained mutation: Your magical capacity is low. (-10% MP) [a
                  | neqoxec]
  5388 | Bailey   | Noticed a sun demon
  5394 | Bailey   | Noticed an orange demon
  5407 | Bailey   | Slain by a sun demon

Levels and vault maps discovered:
D:1:      dpeg_arrival_prison, layout_basic, minivault_26
D:2:      layout_rooms, lemuel_crystal_altar, nicolae_ru_sacrificial_ziggurat,
          nrook_campfire
D:3:      layout_loops_ring, grunt_temple_overflow_lords_of_destruction,
          nicolae_tso_swordbearing_angel
D:4:      layout_basic, gammafunk_ghost_stat_death, lemuel_statue_altar
D:5:      layout_basic, marbit_many_paths, serial_shops, nicolae_shop_stone,
          shop, shop, nicolae_shop_waterfront, first_ration
D:6:      layout_loops_ring, gammafunk_temple_overflow_statue,
          minmay_fire_ice_demons
D:7:      layout_rooms, lemuel_crystal_altar, old_standard_altar,
          minmay_temple_entry_arrows, grunt_livestock, uniq_crazy_yiuf_cottage,
          uniq_harold
D:8:      layout_basic, nicolae_overflow_crystal_walls, lair_entry_dummy,
          enter_bailey_6, uniq_grum, uniq_psyche
Bailey:   bailey_axe_of_yendor_kennysheep, bailey

Skill      XL: |  1  2  3  4  5  6  7  8  9 10 |
---------------+-------------------------------+-----
Armour         | 4 5 6 7 9 10 | 10.0
Fighting       | 4 5 6 7 8 9 10 | 10.0
Axes           | 3 4 5 6 8 9 |  9.6
Shields        | 4 5 6 7 |  7.5

Action                   |  1- 3 |  4- 6 |  7- 9 | 10-12 || total
-------------------------+-------+-------+-------+-------++-------
Melee: War axe           |    90 |    64 |       |       ||   154
       Headbutt          |    15 |    13 |    62 |    20 ||   110
       Dagger            |       |    48 |   242 |    85 ||   375
Invok: Trog's Hand       |       |       |       |     3 ||     3
       Berserk           |       |       |       |     1 ||     1
  Use: Scroll            |       |     1 |    11 |       ||    12
       Potion            |       |     1 |       |     6 ||     7
  Eat: Chunk             |     2 |    21 |     5 |     1 ||    29
Armor: Scale mail        |    28 |       |       |       ||    28
       Chain mail        |    12 |    64 |    28 |       ||   104
       Plate armour      |       |       |    81 |    69 ||   150
Dodge: Dodged            |    25 |    10 |    28 |    19 ||    82
Block: Shield            |    26 |       |       |       ||    26
       Large shield      |    10 |    88 |   218 |   157 ||   473

Table legend:
 A = Non-vault XP
 B = Vault XP
 C = Vault XP percentage of total XP
 D = Non-vault monster count
 E = Vault monster count
 F = Vault count percentage of total count
                 A         B        C        D         E       F
            +---------+---------+-------+---------+---------+-------
      Total |    3672 |    2225 |  37.7 |     160 |      22 |  12.1
            +---------+---------+-------+---------+---------+-------
        D:1 |      45 |       6 |  11.8 |      23 |       3 |  11.5
        D:2 |      52 |       0 |   0.0 |      19 |       0 |   0.0
        D:3 |      35 |      50 |  58.8 |      15 |       1 |   6.2
        D:4 |     331 |       0 |   0.0 |      14 |       0 |   0.0
        D:5 |     582 |       5 |   0.9 |      19 |       1 |   5.0
        D:6 |    1043 |      60 |   5.4 |      22 |       2 |   8.3
        D:7 |    1198 |    2007 |  62.6 |      34 |       7 |  17.1
        D:8 |     386 |       0 |   0.0 |      14 |       0 |   0.0
     Bailey |       0 |      97 | 100.0 |       0 |       8 | 100.0
            +---------+---------+-------+---------+---------+-------
